 Dungeon Crawl Stone Soup version 0.24-a0-235-g3f03afc (webtiles) character file.

Game seed: 14839742144812513652

983 Calas the Shield-Bearer (level 7, -3/66 HPs)
             Began as a Minotaur Fighter on Apr 7, 2019.
             Killed by divine providence
             ... invoked by an orc priest
              (14 damage)
             ... on level 5 of the Dungeon.
             The game lasted 00:07:35 (3430 turns).

Calas the Shield-Bearer (Minotaur Fighter)          Turns: 3430, Time: 00:07:36

Health: -3/66      AC: 11    Str: 22    XL:     7   Next: 96%
Magic:  6/6        EV:  9    Int:  5    God:
Gold:   202        SH: 11    Dex: 10    Spells: 6/6 levels left

rFire    . . .     SeeInvis .   a - +0 long sword
rCold    . . .     Gourm    .   c - +0 shield
rNeg     . . .     Faith    .   j - +2 ring mail {rPois}
rPois    +         Spirit   .   (helmet restricted)
rElec    .         Reflect  .   y - +0 cloak
rCorr    .         Harm     .   p - +0 pair of gloves
MR       .....                  i - +0 pair of boots
Stlth    +.........             (no amulet)
HPRegen  0.21/turn              h - ring of stealth
MPRegen  0.10/turn              (no ring)

@: no status effects
A: retaliatory headbutt, horns 2
a: no special abilities


You were on level 5 of the Dungeon.
You were not hungry.

You visited 1 branch of the dungeon, and saw 5 of its levels.

You collected 202 gold pieces.

Inventory:

Hand Weapons
 a - a +0 long sword (weapon)
 A - the +8 rapier "Rummage" {pierce, *Drain +Inv Int-3 SInv, unknown}
   (You found it on level 5 of the Dungeon)

   It inflicts extra damage upon your enemies.
   It affects your intelligence (-3).
   It lets you see invisible.
   It lets you turn invisible.
   It causes draining when unequipped.
Armour
 c - a +0 shield (worn)
 i - a +0 pair of boots (worn)
 j - a +2 ring mail of poison resistance (worn)
 p - a +0 pair of gloves (worn)
 y - a +0 cloak (worn)
Jewellery
 h - a ring of stealth (left hand)
Wands
 o - a wand of digging (2)
Scrolls
 b - 4 scrolls of enchant armour {unknown}
 g - a scroll of fog {unknown}
 k - 6 scrolls of identify {unknown}
 l - 2 scrolls of magic mapping {unknown}
 m - 2 scrolls of remove curse {unknown}
 s - a scroll of enchant weapon {unknown}
 t - a scroll of random uselessness {unknown}
 u - a scroll of amnesia {unknown}
 v - a scroll of noise {unknown}
Potions
 d - 2 potions of might
 e - 3 potions of ambrosia {unknown}
 n - a potion of curing {unknown}
 q - a potion of agility {unknown}
 r - a potion of heal wounds {unknown}
 w - a potion of haste {unknown}
 x - a potion of invisibility {unknown}
Comestibles
 f - 6 rations
 z - 2 chunks of flesh


   Skills:
 + Level 7.3 Fighting
 + Level 6.7 Long Blades
 - Level 3.6 Armour
 + Level 7.3 Shields


You had 6 spell levels left.
You didn't know any spells.
Your spell library was empty.

Dungeon Overview and Level Annotations

Branches:
Dungeon (5/15)
 Temple: D:4-7

Altars:
Gozag
Ru

Annotations:
D:2 Sigmund


Innate Abilities, Weirdness & Mutations

You reflexively headbutt those who attack you in melee.
You have a pair of horns on your head.


Message History

The hippogriff is heavily wounded.
The hippogriff bites you.
The hippogriff pecks you but does no damage.
You block the hippogriff's attack. You block the orc's attack.
The orc priest calls down the wrath of Beogh upon you.
Beogh smites you!
* * * LOW HITPOINT WARNING * * *
You slash the hippogriff!
The hippogriff is severely wounded.
The hippogriff bites you but does no damage.
You block the hippogriff's attack. The hippogriff claws you.
* * * LOW HITPOINT WARNING * * *
The orc hits you with a +0 dagger.
* * * LOW HITPOINT WARNING * * *
The hippogriff bites you but does no damage.
The hippogriff pecks you but does no damage.
The hippogriff claws you but does no damage.
The orc priest mumbles some strange prayers to Beogh against you.
Beogh smites you!
You die...

# ## # #. ..# # #.##.#
############# # #.##.#
#.........[.# # #.##.#
#.#########.# # #.##.# #.#
#.# # #.##.## #.# #.#
######.#...######.##### #.#
........oo.o.Ho.@.>...# #.#
.#####.#...######.###.# #.#
o.o.H..##.## #.# #.# #.#
o########.# #.# #.# #.# ##
#.# #<###.#####.#
#########.### #...........#
..<.....(...#########.#######
#########..........##.#
###.######.##.#


You could see a hippogriff, an orc priest and 2 orcs.

Vanquished Creatures
  2 phantoms (D:5)
  A centaur (D:4)
  2 ogres
  A scorpion (D:5)
  A howler monkey (D:5)
  A crimson imp (D:5)
  3 hounds
  An orc wizard (D:5)
  An iguana (D:4)
  4 worker ants
  Robin (D:2)
  8 adders
  4 worms
  2 dart slugs
  A leopard gecko (D:1)
  15 orcs
  6 giant cockroaches
  16 goblins
  11 hobgoblins
  3 jackals (D:2)
  3 quokkas
  7 bats
  5 frilled lizards
  2 jackal zombies (D:5)
  8 kobolds
  8 rats
  2 plants (D:1)
119 creatures vanquished.

Vanquished Creatures (others)
  An orc wizard (D:3)
1 creature vanquished.

Grand Total: 120 creatures vanquished

Notes
Turn   | Place    | Note
-------+----------+-------------------------------------------
     0 | D:1      | Calas the Minotaur Fighter began the quest for the Orb.
     0 | D:1      | Reached XP level 1. HP: 19/19 MP: 0/0
   285 | D:1      | Reached XP level 2. HP: 25/27 MP: 1/1
  1064 | D:2      | Noticed Robin
  1066 | D:2      | Reached XP level 3. HP: 33/33 MP: 2/2
  1096 | D:2      | Killed Robin
  1190 | D:2      | Noticed Sigmund
  1458 | D:2      | Found a sacrificial altar of Ru.
  1706 | D:3      | Reached XP level 4. HP: 41/41 MP: 3/3
  1924 | D:3      | Found an opulent altar of Gozag.
  2079 | D:3      | Reached skill level 5 in Fighting
  2079 | D:3      | Reached skill level 5 in Shields
  2079 | D:3      | Reached XP level 5. HP: 38/48 MP: 4/4
  2385 | D:4      | Noticed an ogre
  2388 | D:4      | Killed an ogre
  2388 | D:4      | Reached skill level 5 in Long Blades
  2388 | D:4      | Reached XP level 6. HP: 50/57 MP: 5/5
  2716 | D:4      | You fall through a shaft!
  2716 | D:5      | Entered Level 5 of the Dungeon
  2737 | D:5      | Reached XP level 7. HP: 34/63 MP: 6/6
  3381 | D:5      | Noticed a hippogriff
  3384 | D:5      | Got a jewelled rapier
  3430 | D:5      | Killed from afar by an orc priest

Levels and vault maps discovered:
D:1:      co_arrival_random_square_maze, layout_loops_ring, serial_bayou,
          serial_bayou_pond_d, serial_bayou_shore_b, serial_bayou_pond_b,
          serial_bayou_lagoon_a, serial_bayou_pond_a, serial_bayou_pond_d
D:2:      layout_basic, hangedman_ru_absence, uniq_sigmund, uniq_robin
D:3:      layout_basic, nicolae_gozag_cash_rules_everything_around_me,
          minmay_quantized
D:4:      layout_rooms, trog_eyes_of_draining, first_ration, minmay_circle_x
D:5:      layout_loops_ring, nicolae_overflow_quartered_altars

Skill      XL: |  1  2  3  4  5  6  7 |
---------------+----------------------+-----
Fighting       | 4 5 6 7 |  7.3
Shields        | 4 5 6 7 |  7.3
Long Blades    | 3 4 5 6 |  6.7
Armour         | |  3.6

Action                   |  1- 3 |  4- 6 |  7- 9 || total
-------------------------+-------+-------+-------++-------
Melee: Long sword        |   182 |   134 |    92 ||   408
       Headbutt          |    40 |    28 |    21 ||    89
 Stab: Sleeping          |     3 |     3 |     1 ||     7
  Eat: Chunk             |     3 |     3 |     3 ||     9
Armor: Scale mail        |    13 |       |       ||    13
       Ring mail         |    35 |    64 |    46 ||   145
Dodge: Dodged            |    29 |    50 |    23 ||   102
Block: Shield            |    65 |    82 |    47 ||   194
       Rpst.: Long sword |     5 |    12 |     6 ||    23

Table legend:
 A = Non-vault XP
 B = Vault XP
 C = Vault XP percentage of total XP
 D = Non-vault monster count
 E = Vault monster count
 F = Vault count percentage of total count
                 A         B        C        D         E       F
            +---------+---------+-------+---------+---------+-------
      Total |    1159 |     246 |  17.5 |      89 |      28 |  23.9
            +---------+---------+-------+---------+---------+-------
        D:1 |      28 |       7 |  20.0 |      16 |       5 |  23.8
        D:2 |      14 |      38 |  73.1 |       9 |      13 |  59.1
        D:3 |     161 |      39 |  19.5 |      38 |       7 |  15.6
        D:4 |     207 |     162 |  43.9 |       5 |       3 |  37.5
        D:5 |     749 |       0 |   0.0 |      21 |       0 |   0.0
            +---------+---------+-------+---------+---------+-------
